Map: [ESL] Inside and Out

Players

trigger

  • Race: Protoss Protoss
  • League: Grandmaster
  • Spawn Location: 7:00

Scarlett - Winner!

  • Race: Zerg Zerg
  • Spawn Location: 1:00

Event: HomeStory Cup XXII

VOD

Have the link to the VOD?

Description

Time

  • Played on: Dec. 16, 2022, 3:13 p.m.
  • Length: 19:26

All games in this series

Show
View Real Time Build Order
Export as new Build Order

trigger Protoss 

Build Orders: 1 Gate Expand, Mass Adepts 

Get SALT Encoding   

  12  0:00  Probe  
  13  0:12  Probe  
  14  0:19  Pylon  
  14  0:24  Probe  
  15  0:37  Probe (Chrono Boost)  
  15  0:38  Gateway  
  16  0:46  Probe (Chrono Boost)  
  16  0:48  Assimilator  
  17  0:51  Probe  
  18  1:03  Probe  
  19  1:15  Probe  
  20  1:24  Nexus  
  20  1:28  Probe  
  21  1:38  Cybernetics Core  
  21  1:43  Assimilator  
  22  1:47  Probe  
  22  1:52  Pylon  
  22  1:59  Probe  
  23  2:11  Adept (Chrono Boost), Probe (Chrono Boost)  
  23  2:15  Warp Gate  
  26  2:23  Twilight Council  
  26  2:25  Probe (Chrono Boost)  
  27  2:30  Probe (Chrono Boost)  
  27  2:34  Adept  
  27  2:36  Probe (Chrono Boost)  
  32  2:45  Robotics Facility  
  32  2:46  Probe (Chrono Boost)  
  32  2:48  Probe (Chrono Boost)  
  33  2:52  Probe  
  34  3:04  Probe  
  35  3:06  Resonating Glaives (Chrono Boost), Probe  
  36  3:16  Probe  
  36  3:17  Gateway  
  37  3:20  Stalker  
  37  3:23  Gateway  
  37  3:26  Gateway  
  39  3:33  Warp Prism (Chrono Boost)  
  41  3:42  Pylon  
  41  3:46  Probe  
  42  3:52  Pylon  
  42  3:57  Probe  
  42  4:00  Probe  
  44  4:03  Adept  
  44  4:09  Probe  
  47  4:10  Adept  
  47  4:12  Probe  
  50  4:17  Pylon  
  50  4:19  Adept  
  50  4:20  Adept  
  50  4:23  Adept  
  56  4:25  Probe  
  56  4:26  Probe  
  58  4:31  Adept  
  60  4:41  Nexus  
  60  4:42  Pylon  
  60  4:48  Adept x3  
  60  4:52  Probe  
  65  4:58  Adept  
  65  5:02  Probe  
  65  5:03  Assimilator  
  65  5:05  Assimilator  
  66  5:08  Robotics Bay, Probe  
  66  5:12  Immortal (Chrono Boost)  
  67  5:19  Probe  
  72  5:22  Shield Battery  
  72  5:25  Probe  
  72  5:30  Adept x2  
  72  5:32  Probe  
  73  5:37  Pylon  
  73  5:38  Pylon  
  73  5:39  Blink (Chrono Boost)  
  73  5:47  Pylon  
  73  5:52  Observer, Probe  
  73  5:53  Probe x2  
  73  5:55  Forge  
  77  6:00  Pylon  
  77  6:02  Stalker x2  
  81  6:05  Disruptor  
  81  6:07  Probe x2  
  81  6:11  Probe  
  87  6:21  Probe x2 (Chrono Boost)  
  87  6:22  Sentry  
  87  6:23  Sentry, Probe (Chrono Boost)  
  87  6:24  Shield Battery  
  94  6:25  Shield Battery  
  94  6:32  Protoss Ground Weapons Level 1 (Chrono Boost)  
  96  6:34  Probe (Chrono Boost)  
  96  6:35  Probe (Chrono Boost), Pylon  
  96  6:37  Probe (Chrono Boost)  
  96  6:39  Probe (Chrono Boost)  
  97  6:41  Probe (Chrono Boost)  
  97  6:42  Assimilator  
  99  6:47  Assimilator  
  99  6:49  Stalker x2  
  99  6:52  Probe x2  
  99  6:53  Probe  
  106  6:59  Pylon  
  106  7:00  Disruptor (Chrono Boost)  
  109  7:02  Stalker  
  109  7:04  Probe  
  109  7:05  Probe x2  
  114  7:15  Stalker x3  
  120  7:16  Probe  
  120  7:19  Probe  
  120  7:20  Probe  
  123  7:26  Gateway  
  123  7:28  Gateway  
  123  7:33  Disruptor (Chrono Boost)  
  123  7:34  Stalker  
  128  7:42  Gateway  
  128  7:49  Stalker x2, Pylon  
  131  8:00  Stalker  
  131  8:04  Pylon  
  133  8:09  Nexus  
  133  8:10  Disruptor, Pylon  
  136  8:13  Pylon x2  
  136  8:19  Photon Cannon  
  136  8:24  Stalker x4  
  144  8:40  Photon Cannon  
  144  8:41  Stalker  
  144  8:42  Shield Battery, Stalker x2  
  148  8:49  Stalker x4  
  150  8:59  Disruptor  
  153  9:07  Stalker x3  
  159  9:12  Probe x3  
  159  9:13  Protoss Ground Weapons Level 2 (Chrono Boost)  
  159  9:14  Assimilator  
  162  9:17  Dark Shrine, Assimilator  
  162  9:24  Zealot x4  
  170  9:39  Probe x3  
  170  9:40  Disruptor, Probe  
  170  9:44  Robotics Facility  
  177  9:48  Zealot x5  
  177  9:49  Charge  
  177  9:51  Probe  
  177  9:52  Pylon  
  188  10:03  Pylon  
  188  10:06  Pylon  
  188  10:10  Probe x2  
  188  10:12  Photon Cannon  
  190  10:15  Pylon  
  190  10:16  Shield Battery  
  172  10:26  Disruptor (Chrono Boost)  
  172  10:28  Stalker x6  
  147  10:36  Stalker  
  136  10:45  Probe  
  136  10:46  Probe x2  
  136  10:48  Probe  
  135  10:50  Shield Battery  
  135  10:55  Dark Templar x2  
  139  10:58  Dark Templar x2  
  139  10:59  Disruptor (Chrono Boost)  
  139  11:03  Archon  
  139  11:04  Probe x2  
  148  11:05  Probe  
  148  11:08  Dark Templar  
  148  11:09  Dark Templar  
  153  11:16  Dark Templar  
  153  11:17  Archon  
  155  11:24  Disruptor x2 (Chrono Boost)  
  155  11:27  Gateway  
  155  11:29  Gateway  
  161  11:37  Dark Templar  
  161  11:38  Dark Templar x2  
  165  11:46  Archon, Dark Templar x2  
  167  11:50  Archon  
  167  11:53  Disruptor x2 (Chrono Boost)  
  171  11:55  Dark Templar  
  173  12:05  Protoss Ground Weapons Level 3 (Chrono Boost)  
  173  12:06  Dark Templar  
  173  12:10  Photon Cannon  
  173  12:11  Archon  
  173  12:12  Photon Cannon  
  173  12:13  Photon Cannon  
  173  12:16  Photon Cannon  
  173  12:20  Dark Templar x2  
  177  12:24  Disruptor (Chrono Boost)  
  177  12:28  Zealot x5  
  177  12:29  Zealot  
  192  12:41  Disruptor (Chrono Boost)  
  195  12:54  Stalker  
  195  12:55  Stalker x7  
  195  12:57  Disruptor (Chrono Boost)  
  196  13:17  Observer (Chrono Boost)  
  196  13:18  Dark Templar  
  191  13:55  Disruptor (Chrono Boost)  
  111  13:58  Stalker x9  
  111  14:00  Disruptor (Chrono Boost)  
  117  14:21  Dark Templar x6  
  117  14:23  Disruptor (Chrono Boost), Nexus  
  132  14:25  Pylon  
  132  14:26  Archon  
  132  14:27  Archon x2  
  132  14:30  Zealot x3  
  138  14:32  Disruptor (Chrono Boost)  
  138  14:38  Observer  
  141  14:44  Shield Battery  
  137  14:55  Zealot x9  
  153  15:04  Disruptor  
  156  15:10  Photon Cannon  
  145  15:15  Dark Templar x5  
  145  15:16  Dark Templar  
  145  15:17  Probe  
  145  15:19  Probe (Chrono Boost)  
  145  15:21  Probe (Chrono Boost)  
  143  15:29  Probe (Chrono Boost)  
  143  15:30  Probe (Chrono Boost)  
  143  15:31  Probe (Chrono Boost)  
  141  15:35  Dark Templar x2  
  141  15:38  Probe (Chrono Boost)  
  141  15:39  Probe (Chrono Boost)  
  141  15:40  Archon  
  141  15:41  Probe (Chrono Boost)  
  136  15:43  Probe (Chrono Boost)  
  137  15:50  Pylon  
  137  15:53  Archon x2  
  137  15:54  Archon  
  137  15:55  Zealot x2  
  141  16:06  Probe x2  
  139  16:25  Dark Templar x5  
  147  16:27  Dark Templar  
  147  16:29  Archon x2  
  151  16:33  Zealot x2  
  151  16:35  Probe x2  
  151  16:37  Probe x2  
  147  16:42  Probe  
  143  16:50  Archon  
  132  16:59  Zealot x6  
  118  17:05  Probe x3  
  104  17:10  Probe  
  97  17:18  Probe (Chrono Boost)  
  97  17:20  Zealot x4  
  103  17:26  Pylon  
  103  17:27  Probe (Chrono Boost)  
  103  17:28  Probe (Chrono Boost)  
  105  17:32  Probe (Chrono Boost)  
  105  17:33  Probe (Chrono Boost), Pylon  
  105  17:36  Probe (Chrono Boost)  
  108  17:38  Probe (Chrono Boost)  
  108  17:40  Probe (Chrono Boost)  
  108  17:41  Probe (Chrono Boost)  
  109  17:47  Shield Battery  
  109  17:53  Sentry x3  
  109  17:56  Stalker x2  
  119  18:03  Robotics Facility  
  96  18:35  Nexus  
  94  18:44  Stalker x4  
  100  19:00  Nexus  
  96  19:09  Zealot  
  96  19:10  Pylon  
Show
View Real Time Build Order
Export as new Build Order

Scarlett Zerg - Winner!

Build Orders: Hatch First 

Get SALT Encoding   

  12  0:00  Drone  
  13  0:12  Overlord  
  13  0:17  Drone  
  14  0:30  Drone x2  
  16  0:47  Hatchery  
  15  0:51  Drone  
  15  0:54  Drone  
  17  0:57  Drone  
  18  1:09  Extractor  
  17  1:13  Spawning Pool  
  17  1:17  Drone  
  17  1:20  Drone  
  18  1:28  Drone  
  19  1:38  Drone  
  20  1:49  Drone  
  21  2:00  Queen x2  
  21  2:01  Zergling x2, Overlord  
  26  2:09  Drone  
  26  2:10  Drone  
  26  2:13  Metabolic Boost  
  28  2:22  Drone x2  
  30  2:32  Hatchery  
  30  2:36  Drone  
  30  2:42  Queen  
  30  2:43  Drone  
  33  2:48  Overlord  
  33  2:50  Zergling x2  
  34  3:03  Spore Crawler  
  32  3:06  Drone  
  33  3:13  Drone  
  33  3:14  Drone x6  
  33  3:18  Queen  
  43  3:24  Overlord  
  43  3:28  Overlord  
  43  3:34  Drone  
  43  3:41  Queen, Overlord  
  44  3:44  Drone x2  
  44  3:45  Queen  
  44  3:47  Drone x3  
  53  3:49  Zergling x2  
  53  3:52  Overlord  
  53  3:53  Zergling x2  
  55  3:56  Zergling x2  
  55  3:58  Zergling x2  
  55  4:00  Extractor  
  56  4:03  Roach Warren  
  56  4:08  Zergling x6, Drone  
  59  4:14  Zergling x2, Spore Crawler  
  59  4:16  Spore Crawler  
  58  4:18  Zergling x4  
  58  4:21  Zergling x4  
  62  4:25  Zergling x2  
  62  4:26  Zergling x4  
  62  4:28  Zergling x2  
  68  4:42  Overlord  
  68  4:43  Roach x5  
  78  4:47  Roach x2  
  82  4:56  Roach  
  80  5:02  Roach x4  
  86  5:08  Queen x2  
  90  5:15  Overlord  
  90  5:21  Overlord x2  
  90  5:29  Overlord  
  90  5:30  Lair  
  90  5:35  Drone x5  
  90  5:36  Drone x3  
  90  5:40  Drone x4  
  101  5:48  Drone x3  
  96  5:53  Drone x3  
  96  5:56  Baneling Nest  
  98  5:58  Drone x2, Extractor, Evolution Chamber  
  98  6:09  Drone x6  
  103  6:11  Extractor  
  103  6:13  Zergling x2, Extractor  
  103  6:17  Roach x3  
  108  6:24  Drone  
  108  6:25  Drone x3  
  112  6:26  Drone x2  
  112  6:27  Zerg Missile Weapons Level 1, Extractor  
  112  6:30  Overseer, Drone x2, Overlord  
  115  6:33  Overlord  
  115  6:35  Glial Reconstitution  
  115  6:41  Zergling x2, Roach  
  115  6:44  Overlord  
  116  6:51  Hatchery  
  116  6:53  Roach x4  
  123  6:57  Centrifugal Hooks  
  123  7:03  Ravager  
  123  7:04  Zergling x2  
  123  7:05  Zergling x10  
  123  7:06  Baneling x4  
  130  7:12  Zergling x2  
  130  7:13  Zergling x6  
  134  7:16  Overlord  
  134  7:18  Ravager x2  
  135  7:27  Baneling x4  
  135  7:36  Zergling x22  
  139  7:43  Zergling x2  
  139  7:44  Zergling x2  
  141  7:47  Ravager x3, Overlord  
  144  7:54  Zergling x14  
  144  7:56  Baneling x13  
  150  8:02  Zergling x6  
  150  8:04  Overlord  
  150  8:08  Baneling x8  
  150  8:11  Zergling x6  
  153  8:14  Zergling x2  
  153  8:19  Zergling x2  
  155  8:21  Zerg Melee Weapons Level 1  
  155  8:26  Zergling x4  
  155  8:27  Zergling x12  
  163  8:33  Zergling x4  
  157  8:39  Zergling x8  
  157  8:40  Baneling x16  
  161  8:43  Zergling x4  
  160  8:53  Zergling x8  
  138  8:56  Roach x6  
  138  9:00  Drone  
  146  9:08  Drone  
  146  9:09  Drone x6  
  153  9:17  Zergling x14  
  153  9:19  Baneling x8  
  153  9:21  Zergling x8  
  163  9:25  Zergling x2  
  163  9:26  Zergling x4  
  165  9:31  Zergling x2  
  165  9:32  Zergling x4  
  165  9:33  Hatchery  
  165  9:34  Overlord x2  
  165  9:40  Drone  
  165  9:45  Baneling x12  
  166  9:51  Drone  
  166  9:52  Infestation Pit  
  166  9:53  Baneling x4  
  166  9:54  Baneling x10  
  166  9:56  Zergling x8  
  166  9:59  Zergling x6  
  143  10:21  Zergling x4  
  143  10:22  Zergling x34  
  155  10:30  Hive  
  155  10:31  Zerg Melee Weapons Level 2  
  155  10:32  Zergling x14  
  158  10:37  Roach x2  
  158  10:38  Baneling x11  
  146  10:47  Roach x4  
  146  10:48  Roach x2  
  150  10:52  Zergling x2  
  150  10:55  Drone x6  
  157  10:59  Zergling x8  
  157  11:01  Ravager x6  
  167  11:05  Overseer  
  167  11:06  Baneling  
  167  11:07  Zergling x10  
  172  11:12  Overseer  
  172  11:15  Overseer  
  172  11:19  Drone x11  
  172  11:25  Spore Crawler x2  
  182  11:27  Spore Crawler  
  182  11:28  Spore Crawler  
  179  11:33  Spore Crawler  
  179  11:34  Spine Crawler  
  179  11:35  Pneumatized Carapace  
  179  11:36  Spine Crawler  
  171  11:40  Drone x3  
  171  11:42  Drone, Adrenal Glands  
  170  11:48  Zergling x12  
  170  11:53  Drone x5  
  178  11:55  Drone  
  178  12:00  Zergling x10  
  181  12:09  Baneling x17  
  181  12:11  Drone  
  181  12:12  Zergling x4  
  184  12:17  Overlord x2  
  184  12:20  Spine Crawler  
  184  12:21  Drone x2  
  184  12:22  Zergling x6  
  188  12:28  Zergling x4  
  188  12:29  Baneling x12  
  190  12:31  Baneling x2  
  190  12:32  Baneling x3  
  190  12:33  Baneling x3  
  190  12:39  Zergling x14  
  197  12:48  Hatchery  
  192  12:51  Zergling x16  
  192  12:58  Zerg Melee Weapons Level 3  
  192  12:59  Zergling x12  
  193  13:12  Zergling x14  
  199  13:21  Zergling x2  
  199  13:29  Baneling  
  199  13:30  Baneling x9  
  199  13:47  Roach  
  199  13:48  Zergling x10, Roach x7  
  197  13:53  Zergling x10, Roach x2  
  163  13:57  Zergling x14, Roach x3  
  173  14:09  Viper x2  
  179  14:10  Zergling x2  
  179  14:11  Zergling x18  
  179  14:16  Zergling x6  
  192  14:20  Zergling x4  
  192  14:23  Zergling x4  
  196  14:25  Baneling x9  
  196  14:26  Baneling x22  
  196  14:27  Spine Crawler  
  196  14:28  Zergling x6  
  196  14:29  Zergling x4  
  196  14:30  Spore Crawler  
  199  14:35  Zergling x2  
  197  15:12  Zergling x6  
  197  15:13  Zergling x16  
  180  15:29  Zergling x12  
  179  15:35  Drone x3  
  179  15:36  Zergling x2  
  179  15:37  Zergling x18  
  187  15:45  Spine Crawler x3  
  187  15:46  Spine Crawler  
  183  15:52  Zergling x28  
  183  15:53  Zerg Missile Weapons Level 2, Ultralisk Cavern  
  192  16:07  Baneling x11  
  182  16:30  Zergling x10  
  182  16:31  Zergling x26  
  199  16:38  Zergling x2  
  199  16:39  Zergling x8  
  199  16:40  Chitinous Plating  
  193  16:53  Zergling x30  
  188  16:59  Roach  
  188  17:00  Roach x3  
  177  17:05  Roach x5  
  175  17:11  Ultralisk x4  
  195  17:17  Baneling x18  
  195  17:22  Ultralisk  
  191  17:56  Ultralisk x2  
  195  17:59  Anabolic Synthesis  
  195  18:02  Zergling x8  
  187  18:30  Ultralisk x2  
  187  18:33  Extractor  
  195  18:34  Extractor  
  195  18:38  Ultralisk  
  195  18:40  Zergling x18  
  199  18:47  Zergling x26  
  199  18:48  Zergling x2  
  178  19:16  Extractor  
  183  19:17  Extractor  
Tags
 
Add a new tag
Caveats
  • Supply blocks, unpowered buildings, or Contaminate may cause inaccurate times.
  • Supply counts are checked every 10 seconds.